 Dungeon Crawl Stone Soup version 0.20-a0-251-g16a58bf (webtiles) character file.

448 witty the Covered (level 6, -4/48 HPs)
             Began as a Demonspawn Artificer on Oct 26, 2016.
             Was an Initiate of Kikubaaqudgha.
             Killed by divine providence
             ... invoked by an orc priest
              (14 damage)
             ... on level 5 of the Dungeon on Nov 30, 2016.
             The game lasted 00:14:41 (4754 turns).

witty the Covered (Demonspawn Artificer)            Turns: 4754, Time: 00:14:42

Health: -4/48      AC:  8    Str: 12    XL:     6   Next: 73%
Magic:  9/9        EV: 13    Int: 12    God:    Kikubaaqudgha [......]
Gold:   177        SH:  4    Dex: 16    Spells: 5/5 levels left

rFire  . . .     SeeInvis .     a - +0 short sword
rCold  . . .     Gourm    .     y - +1 robe "Kurhemef" {rN+}
rNeg   + . .     Faith    .     (no shield)
rPois  .         Spirit   .     (no helmet)
rElec  .         Reflect  .     (no cloak)
rCorr  .         Harm     .     h - +0 pair of gloves
MR     .....                    (no boots)
Stlth  ++........               (no amulet)
                                (no ring)
                                j - +4 ring of protection

@: no status effects
A: large bone plates 1, demonic guardian 1
a: Renounce Religion


You were on level 5 of the Dungeon.
You worshipped Kikubaaqudgha.
Kikubaaqudgha was noncommittal.
You were not hungry.

You visited 2 branches of the dungeon, and saw 6 of its levels.

You collected 177 gold pieces.

Inventory:

Hand Weapons
 a - a +0 short sword (weapon)
 g - a +0 whip
   (You found it on level 1 of the Dungeon)
 x - a +0 hunting sling
   (You found it on level 3 of the Dungeon)
Armour
 b - a +0 leather armour
 h - a +0 pair of gloves (worn)
   (You found it on level 3 of the Dungeon)
 i - a cursed +0 leather armour
   (You found it on level 4 of the Dungeon)
 u - a +0 ring mail
   (You took it off Terence on level 3 of the Dungeon)
 y - the +1 robe "Kurhemef" (worn) {rN+}
   (You found it on level 4 of the Dungeon)

   It protects you from negative energy.
Jewellery
 j - a +4 ring of protection (left hand)
   (You took it off a hobgoblin on level 1 of the Dungeon)
Wands
 c - a wand of flame (0/48)
 d - a wand of enslavement (12/24)
 e - a wand of random effects (15/48)
 v - a wand of acid (2/15)
   (You found it on level 3 of the Dungeon)
Scrolls
 o - 3 scrolls of remove curse
Potions
 k - a potion of flight
 l - a potion of cure mutation {unknown}
 m - a potion of brilliance
 n - a potion of berserk rage {unknown}
 q - a potion of curing
 z - a potion of ambrosia
Comestibles
 f - 3 bread rations {@e1}
 p - a meat ration {@e2}
 r - 2 chunks of flesh {@w0}
 s - a slice of pizza
 t - a beef jerky


   Skills:
 + Level 4.0 Fighting
 - Level 0.8 Short Blades
 - Level 4.2 Armour
 - Level 2.1 Dodging
 - Level 0.8 Stealth
 - Level 4.0 Evocations


You had 5 spell levels left.
You didn't know any spells.

Dungeon Overview and Level Annotations

Branches:
Dungeon (5/15)             Temple (1/1) D:4

Altars:
Ashenzari
Cheibriados
Dithmenos
Elyvilon
Fedhas
Gozag
Hepliaklqana
Kikubaaqudgha
Makhleb
Okawaru
Qazlal
Ru
Sif Muna
Trog
Uskayaw
Vehumet
Xom
Yredelemnul
Zin
The Shining One

Annotations:
D:3 Sigmund


Innate Abilities, Weirdness & Mutations

You are partially covered in large bone plates. (SH +4)
A weak demonic guardian rushes to your aid.


Message History

The orc priest closely misses your white imp.
Your white imp hits the orc priest but does no damage.
Something closely misses your white imp.
Your quasit bites the crimson imp but does no damage.
Your quasit closely misses the crimson imp.
Your quasit claws the crimson imp but does no damage.
Something misses your quasit.
Your white imp barely misses the orc priest.
The orc priest hits your white imp.
Your quasit closely misses the crimson imp. x3
The crimson imp hits your quasit. Something barely misses your white imp.
Something hits your quasit.
Your quasit misses the crimson imp.
Your quasit claws the crimson imp.
Your quasit barely misses the crimson imp.
The orc priest mumbles some strange prayers to Beogh against your white imp.
Your white imp is smitten.
Your white imp dies!
The crimson imp barely misses your quasit.
Your quasit barely misses the crimson imp.
Your quasit misses the crimson imp.
Your quasit barely misses the crimson imp.
Something completely misses your quasit.
The crimson imp closely misses your quasit.
Your quasit bites the crimson imp.
Your quasit barely misses the crimson imp.
Your quasit misses the crimson imp.
Something hits your quasit but does no damage.
Your quasit misses the crimson imp.
Your quasit barely misses the crimson imp.
Your quasit claws the crimson imp but does no damage.
The crimson imp completely misses your quasit.
Something hits your quasit.
Your quasit closely misses the crimson imp. x2
Your quasit barely misses the crimson imp.
The crimson imp misses your quasit.
Your quasit misses the crimson imp.
Your quasit barely misses the crimson imp. x2
Something hits your quasit.
The crimson imp barely misses your quasit.
Your quasit misses the crimson imp. x2
Your quasit closely misses the crimson imp.
Something misses your quasit. The crimson imp misses your quasit.
Your quasit bites the crimson imp.
Your quasit barely misses the crimson imp.
Your quasit closely misses the crimson imp.
Something hits your quasit.
Your quasit dies!
The orc priest shouts!
An orc wizard appears from thin air!
Reactivating autopickup.
The orc priest looks braver for a moment.
The phantom blinks!
The orc wizard gestures wildly while chanting.
The orc wizard flickers and vanishes!
Deactivating autopickup; reactivate with Ctrl-A.
You hit the crimson imp.
The orc priest calls down the wrath of Beogh upon you.
Beogh smites you!
The crimson imp hits you but does no damage.
You take 16 damage, and have 21/48 hp.
MASSIVE DAMAGE!!
You miss the crimson imp. The crimson imp barely misses you.
The orc priest begins to cast a cantrip, but forgets the words!
You hit the crimson imp but do no damage.
The crimson imp blinks!
You hit the orc. The orc completely misses you.
The crimson imp blinks!
You hit the orc. The orc closely misses you.
You barely miss the orc. The crimson imp misses your quasit.
You hit something but do no damage.
Your quasit closely misses the crimson imp.
Your quasit claws the crimson imp but does no damage.
Your quasit closely misses the crimson imp.
Your quasit bites the crimson imp.
Your quasit closely misses the crimson imp.
Your quasit claws the crimson imp.
The phantom blinks!
The crimson imp closely misses your quasit.
Your quasit bites the crimson imp but does no damage.
Your quasit closely misses the crimson imp.
Your quasit claws the crimson imp.
The orc priest begins to cast a cantrip, but forgets the words!
The crimson imp hits your quasit but does no damage.
Your quasit barely misses the crimson imp.
Your quasit claws the crimson imp but does no damage.
Your quasit barely misses the crimson imp.
The phantom blinks!
The orc priest mumbles some strange prayers to Beogh against you.
Beogh smites you!
* * * LOW HITPOINT WARNING * * *
The crimson imp hits your quasit.
Your quasit closely misses the crimson imp.
Your quasit claws the crimson imp.
Your quasit claws the crimson imp but does no damage.
You take 12 damage, and have 10/48 hp.
MASSIVE DAMAGE!!
Your quasit barely misses the crimson imp.
Your quasit closely misses the crimson imp.
Your quasit claws the crimson imp.
The orc priest calls down the wrath of Beogh upon you.
Beogh smites you!
You die...
Kikubaaqudgha rasps: "You have failed me!
Welcome... death!"

## .# .. #o.## #########
######.# .. #{......... ..#
#......# ...#...#.....###.#
#.#....#..
...#.o.#.......#@######.........
.......+......55..o..o.....#
.♣....##.....##...#######..#
..P...............#..o[....#
...$.<...o#####...#.#####.......
#?.....?...(.##...#.# ####.###
#...#.....##o##...#.# ...
###.>......#.##...#†# ###
#......#.#.######o#


You could see an orc priest, a crimson imp, an orc and a friendly quasit.

Vanquished Creatures
  A scorpion (D:4)
  An orc priest (D:4)
  An iron imp (D:4)
  Terence (D:3)
  An iguana (D:4)
  An orc wizard (D:4)
  2 worker ants (D:4)
  7 adders
  3 worms
  2 dart slugs
  7 orcs
  5 giant cockroaches
  9 goblins
  8 hobgoblins
  10 jackals
  2 quokkas
  7 bats
  3 frilled lizards
  5 kobolds
  10 rats
86 creatures vanquished.

Vanquished Creatures (collateral kills)
  2 orc wizards (D:4)
  A worker ant (D:4)
  An adder (D:2)
  2 worms
  An orc (D:4)
  A frilled lizard (D:2)
  A jackal zombie (D:5)
  A kobold (D:3)
  A rat (D:2)
11 creatures vanquished.

Grand Total: 97 creatures vanquished

Notes
Turn   | Place    | Note
-------+----------+-------------------------------------------
     0 | D:1      | witty the Demonspawn Artificer began the quest for the Orb.
     0 | D:1      | Reached XP level 1. HP: 15/15 MP: 3/3
     1 | D:1      | Upgraded the game from 0.19-a0-1937-g70ed36a to 0.20-a0-2-g2b0e13a
   161 | D:1      | Reached skill level 2 in Fighting
   385 | D:1      | Gained mutation: A weak demonic guardian rushes to your aid. [demonic ancestry]
   385 | D:1      | Reached XP level 2. HP: 15/22 MP: 4/4
  1734 | D:2      | Reached skill level 3 in Fighting
  1734 | D:2      | Gained mutation: You are partially covered in large bone plates. (SH +4) [demonic ancestry]
  1734 | D:2      | Reached XP level 3. HP: 29/29 MP: 5/5
  2182 | D:2      | Reached XP level 4. HP: 28/37 MP: 6/6
  2300 | D:2      | Reached skill level 4 in Fighting
  2473 | D:3      | Reached skill level 2 in Dodging
  2788 | D:3      | Noticed Terence
  2793 | D:3      | Killed Terence
  2843 | D:3      | Reached XP level 5. HP: 32/42 MP: 7/7
  3392 | D:3      | Reached skill level 4 in Evocations
  3415 | D:3      | Noticed Sigmund
  3568 | D:4      | Reached skill level 1 in Armour
  3578 | D:4      | Reached skill level 2 in Armour
  3745 | D:4      | Got an ominously black robe
  3889 | D:4      | Reached XP level 6. HP: 39/48 MP: 9/9
  3914 | D:4      | Reached skill level 3 in Armour
  4071 | D:4      | Found a staircase to the Ecumenical Temple.
  4139 | Temple   | Entered the Ecumenical Temple
  4258 | Temple   | Became a worshipper of Kikubaaqudgha
  4295 | D:4      | Identified the +1 robe "Kurhemef" {rN+} (You found it on level 4 of the Dungeon)
  4400 | D:4      | Found a snail-covered altar of Cheibriados.
  4433 | D:4      | Reached skill level 4 in Armour
  4573 | D:4      | Upgraded the game from 0.20-a0-2-g2b0e13a to 0.20-a0-251-g16a58bf
  4667 | D:5      | Entered Level 5 of the Dungeon
  4753 | D:5      | HP: 10/48 [orc priest/divine providence (12)]
  4754 | D:5      | Killed from afar by an orc priest

Vault maps used:
D:1:      nicolae_arrival_washed_ashore
D:2:      serial_bayou, serial_bayou_pond_a, serial_bayou_lagoon_a,
          serial_bayou_shore_a, serial_bayou_ford_a, serial_bayou_pond_b,
          serial_bayou_crossing
D:3:      first_bread, grunt_ministairs_2, eino_tiny_chamber, uniq_sigmund,
          uniq_terence
D:4:      chei_slow_surprise
D:5:      enter_ossuary_3, abandoned_shop, serial_park_tiny_1
Temple:   regret_index_temple_chain_breaker

Skill      XL: |  1  2  3  4  5  6 |
---------------+-------------------+-----
Fighting       | 2 3 4 |  4.0
Dodging        | 2 |  2.1
Evocations     | 4 |  4.0
Armour         | 2 4 |  4.2
Short Blades   | |  0.8
Stealth        | |  0.8

Action                   |  1- 3 |  4- 6 || total
-------------------------+-------+-------++-------
Melee: Short sword       |   201 |   290 ||   491
Evoke: Wand              |       |    21 ||    21
  Use: Scroll            |       |     8 ||     8
       Potion            |       |     2 ||     2
 Stab: Distracted        |     1 |       ||     1
  Eat: Chunk             |     4 |     9 ||    13
Armor: Leather armour    |    40 |    20 ||    60
       Ring mail         |       |   103 ||   103
       Robe              |       |     6 ||     6
Dodge: Dodged            |   131 |   126 ||   257
Block: Other             |    15 |    42 ||    57

Vault maps used:
D:1:      nicolae_arrival_washed_ashore
D:2:      serial_bayou, serial_bayou_pond_a, serial_bayou_lagoon_a,
          serial_bayou_shore_a, serial_bayou_ford_a, serial_bayou_pond_b,
          serial_bayou_crossing
D:3:      first_bread, grunt_ministairs_2, eino_tiny_chamber, uniq_sigmund,
          uniq_terence
D:4:      chei_slow_surprise
D:5:      enter_ossuary_3, abandoned_shop, serial_park_tiny_1
Temple:   regret_index_temple_chain_breaker

Table legend:
 A = Turns spent in this place as a percentage of turns spent in the entire game.
 B = Non-inter-level travel turns spent in this place as a percentage of non-inter-level travel turns spent in the entire game.
 C = Inter-level travel turns spent in this place as a percentage of turns spent in this place.
 D = Turns resting spent in this place as a percentage of non-inter-level travel turns spent in this place.
 E = Turns spent auto-exploring this place as a percentage of non-inter-level travel turns spent in this place.
 F = Non-inter-level travel turns spent in this place divided by the number of levels of this place that you've seen.
                   A       B       C       D       E      F
               +-------+-------+-------+-------+-------+----------------------
         Total | 100.0 | 100.0 |   0.3 |   2.7 |   6.0 | 287.3
       Dungeon |  98.6 |  98.7 |   0.2 |   2.7 |   5.1 | 340.4
        Temple |   1.4 |   1.3 |   8.3 |   0.0 |  72.7 |  22.0
               +-------+-------+-------+-------+-------+----------------------

Table legend:
 A = Kills in this place as a percentage of kills in entire the game.
 B = Kills by you in this place as a percentage of kills by you in the entire game.
 C = Kills by friends in this place as a percentage of kills by friends in the entire game.
 D = Other kills in this place as a percentage of other kills in the entire game.
 E = Experience gained in this place as a percentage of experience gained in the entire game.
 F = Experience gained in this place divided by the number of levels of this place that you have seen.
                   A       B       C       D       E      F
               +-------+-------+-------+-------+-------+----------------------
         Total | 100.0 | 100.0 | 100.0 |  -nan | 100.0 | 106.8
       Dungeon | 100.0 | 100.0 | 100.0 |  -nan | 100.0 | 128.2
               +-------+-------+-------+-------+-------+----------------------
